 Dungeon Crawl Stone Soup version 0.19-a0-465-g1d1674b (webtiles) character file.

26270 Ijustatesigmund the Covert (level 12, -4/65 HPs)
             Began as a Spriggan Assassin on June 2, 2016.
             Was a High Priest of Hepliaklqana.
             Killed from afar by an orc sorcerer (31 damage)
             ... with a bolt of fire
             ... on level 2 of the Orcish Mines on June 3, 2016.
             The game lasted 01:32:32 (21121 turns).

Ijustatesigmund the Covert (Spriggan Assassin)     Turns: 21121, Time: 01:32:33

Health: -4/65      AC: 12    Str:  7    XL:     12   Next: 96%
Magic:  23/25      EV: 26    Int: 13    God:    Hepliaklqana [*****.]
Gold:   615        SH: 13    Dex: 22    Spells: 5 memorised, 15 levels left

rFire  . . .     SeeInvis +     I - +3 dagger (protect)
rCold  . . .     Gourm    .     y - +2 robe {MR+}
rNeg   . . .     Faith    .     z - +3 buckler
rPois  .         Spirit   .     (helmet restricted)
rElec  .         Dismiss  .     d - +2 cloak
rCorr  .         Reflect  +     (gloves unavailable)
SustAt +         Harm     .     (boots unavailable)
MR     +++..                    A - +3 amulet of reflection
Stlth  +++++++...               u - ring of stealth
                                B - ring of sustain attributes

@: lethally poisoned (-4 -> -14), drained, very quick, extremely resistant to
hostile enchantments, extremely stealthy
A: unfitting armour, see invisible, herbivore 3, speed 3, slow metabolism 2
a: Recall Ancestor, Ancestor Identity, Transference, Idealise, Renounce Religion


You were on level 2 of the Orcish Mines.
You worshipped Hepliaklqana.
Hepliaklqana was extremely pleased with you.
You were not hungry.

You visited 4 branches of the dungeon, and saw 20 of its levels.

You collected 1255 gold pieces.
You spent 640 gold pieces at shops.

Inventory:

Hand Weapons
 a - a +4 dagger of flaming
 b - a +2 blowgun
 I - a +3 dagger of protection (weapon)
 J - a +3 dagger
 Q - a +2 short sword of draining
Missiles
 e - 27 poisoned needles
 T - 7 needles of sleeping
Armour
 d - a +2 cloak (worn)
 y - a +2 robe of magic resistance (worn)
 z - a +3 buckler (worn)
Jewellery
 c - an uncursed ring of ice
 k - an uncursed amulet of dismissal
 r - an uncursed ring of wizardry
 u - a ring of stealth (right hand)
 v - an uncursed ring of flight
 A - a +3 amulet of reflection (around neck)
 B - a ring of sustain attributes (left hand)
Wands
 f - a wand of iceblast (2/15)
 D - a wand of disintegration (10/24)
 E - a wand of iceblast (0/15)
 F - a wand of flame (26/48)
 P - a wand of paralysis (10/24)
 Y - a wand of teleportation (4/9)
Scrolls
 h - 6 scrolls of blinking
 l - 5 scrolls of teleportation
 n - 4 scrolls of amnesia
 q - 2 scrolls of magic mapping
 x - 5 scrolls of remove curse
 K - 3 scrolls of fog
 O - a scroll of fear
 S - 2 scrolls of enchant armour
 X - a scroll of recharging
Potions
 i - a potion of haste
 j - 5 potions of curing
 m - 2 potions of mutation
 o - 4 potions of brilliance
 C - 2 potions of flight
 G - 4 potions of lignification
 H - 2 potions of ambrosia
 N - a potion of resistance
 V - a potion of cure mutation {unknown}
Comestibles
 g - 10 bread rations
 t - 7 fruits


   Skills:
 + Level 8.7(7.7) Fighting
 - Level 10.0(8.9) Short Blades
 - Level 6.0(5.0) Throwing
 - Level 10.0(8.9) Dodging
 - Level 13.0(11.9) Stealth
 + Level 3.7(2.8) Shields
 - Level 8.0(7.0) Spellcasting
 + Level 2.2(1.3) Charms
 - Level 10.0(8.9) Translocations
 - Level 6.8(5.8) Invocations


You had 15 spell levels left.
You knew the following spells:

 Your Spells              Type           Power        Failure   Level  Hunger
a - Blink                 Tloc           N/A          1%          2    #......
b - Apportation           Tloc           ####......   1%          1    None
c - Portal Projectile     Tloc           ####..       1%          3    ##.....
d - Passage of Golubria   Tloc           N/A          6%          4    ####...
e - Shroud of Golubria    Chrm/Tloc      ###.......   4%          2    #......


Dungeon Overview and Level Annotations

Branches:
Dungeon (13/15)            Temple (1/1) D:7            Lair (4/8) D:9
 Shoals (0/4) Lair:3       Spider (0/4) Lair:4          Orc (2/2) D:10
    Elf (0/3) Orc:2
 Vaults: D:13-14

Altars:
Ashenzari
Cheibriados
Dithmenos
Elyvilon
Fedhas
Gozag
Hepliaklqana
Kikubaaqudgha
Makhleb
Nemelex Xobeh
Okawaru
Pakellas
Qazlal
Ru
Sif Muna
Trog
Uskayaw
Vehumet
Xom
Yredelemnul
Zin
The Shining One
Beogh

Shops:
D:9 (   D:10 ?

Annotations:
D:3 Robin
D:11 tstbtto's ghost, journeyman MiGl
D:12 exclusion: ice statue
Lair:4 exclusion: 2 oklob plants
Orc:1 tstbtto's ghost, journeyman DDGl


Innate Abilities, Weirdness & Mutations

You are tiny and cannot use many weapons and most armour.
You have supernaturally acute eyesight. (SInv)
You are a herbivore.
You cover ground extremely quickly.
You need consume almost no food.


Message History

The orange demon barely misses you.
The orc knight roars a battlecry!
The orcs go into a battle-frenzy!
The orc knight misses you.
You hear a shout!
Casting: Blink
Confirm with . or Enter, or press ? or * to list all spells.
You blink.
An ogre comes into view. It is wielding a giant club.
The ogre shouts!
An orc priest, 4 orc wizards and an orc sorcerer come into view.
An orc wizard is wielding a dagger of freezing.
An orc wizard is wielding a dagger of venom.
You feel sick.
You hear a shout! x5
The orc warrior no longer looks unusually strong.
The orc sorcerer gestures at you while chanting.
The bolt of fire hits the orc priest.
The orc priest dies!
The bolt of fire hits you!
You die...

**,,,..........###.#.....#......
***,,,,#.....###.<.....^.......
**,**##§o.o#o.).)............
***####o..oo......$......#.#
##..Ro4.#.†...........####
#....)ooo.)).....##....##.
##....o..o....o..#..o..#..
*#....oo.)3.o....O.........
#.........@.oo........o....
##...o.######.oo######..o.. **
**###..##,,,,,....o,,,##....
,*****,**$o##,,,,,,,,,,.,,,,##...
,,,**,,,,..#,,,,,,*****,,,,,,#...
,,,,,*,,,,,*,,,,,,,*,*,,,,,,,#o.o
,,,,,,,,,,,*,,,,,*,,,,,*,,,,,#...
,*,,,*,,,,,*,,,,***,,,***,,,,#...
**,,,,,,,,,*,,*,,*,,,,,*,,*,,#o..


You could see an orc knight, an orange demon, a neqoxec, 3 orc sorcerers, 5 orc
warriors, an ogre, 2 orc priests, 7 orc wizards, 4 orcs and the friendly Zitor
the knight.

Vanquished Creatures
  Kirke (D:12)
  2 hydras
  A death knight (D:12)
  Erica (D:9)
  2 hill giants (D:11)
  2 elephants
  2 sirens (Lair:3)
  Maurice (D:9)
  A black mamba (Lair:1)
  A spiny frog (Lair:1)
  3 gargoyles
  A kobold demonologist (D:11)
  A komodo dragon (Lair:2)
  3 trolls
  A two-headed ogre (D:6)
  A blink frog (Lair:1)
  15 yaks
  A hog (D:12)
  Grum (D:8)
  A hungry ghost (D:12)
  3 hippogriffs
  A warg (D:8)
  Edmund (D:5)
  6 water moccasins
  Duvessa (D:5)
  6 porcupines
  6 orc warriors
  2 sky beasts
  3 ice beasts
  An eye of draining (D:10)
  4 phantoms
  8 centaurs
  An ogre (D:7)
  4 wolves (D:7)
  3 crocodiles (Lair:2)
  2 big kobolds (D:8)
  16 giant frogs
  Dowan (D:5)
  6 scorpions
  12 killer bees
  5 wights
  2 howler monkeys (D:8)
  An electric eel (D:12)
  5 crimson imps
  8 hounds
  A quasit (D:9)
  8 orc priests
  Jessica (D:2)
  12 orc wizards
  2 centaur skeletons
  6 iguanas
  11 worker ants
  15 sheep
  A worker ant zombie (D:7)
  A gnoll (D:1)
  21 river rats (Lair:2)
  15 adders
  A howler monkey skeleton (D:9)
  4 shadow imps
  2 oozes
  An adder skeleton (D:10)
  3 worms
  A dart slug (D:3)
  3 giant geckos
  57 orcs
  2 ball pythons
  4 bats
  6 giant cockroaches
  7 goblins
  7 hobgoblins
  12 jackals
  3 quokkas
  A giant gecko skeleton (D:7)
  7 giant newts
  20 kobolds
  A quokka zombie (D:5)
  13 rats
399 creatures vanquished.

Vanquished Creatures (collateral kills)
  An unseen horror (D:11)
  A hill giant (D:12)
  An ugly thing (D:11)
  A centaur zombie (D:12)
  3 elephants (Lair:3)
  2 spiny frogs (Lair:3)
  2 merfolk (Lair:3)
  3 blink frogs (Lair:1)
  A shadow (D:12)
  11 yaks
  A wyvern (D:9)
  A human (D:8)
  A warg (D:8)
  A water moccasin (Lair:2)
  A porcupine (Lair:1)
  3 orc warriors
  An eye of draining (D:12)
  A wasp (D:12)
  4 ogres
  A centaur (D:6)
  6 crocodiles
  2 big kobolds
  7 giant frogs
  A jelly (D:10)
  9 killer bees
  6 wights
  2 crimson imps
  A quasit (D:7)
  An orc wizard (D:12)
  A hound (D:6)
  An orc priest (D:8)
  An iguana (D:6)
  2 worker ants
  5 sheep
  3 river rats (Lair:2)
  An adder (D:6)
  A shadow imp (D:7)
  An adder zombie (D:6)
  14 orcs
  A jackal (D:10)
  4 kobolds
  A quokka (D:8)
112 creatures vanquished.

Vanquished Creatures (others)
  A tengu reaver (D:3)
  3 humans (D:12)
  An orc priest (Orc:2)
  A giant frog skeleton (D:12)
  11 knights
  4 ancestors
  3 orcs
  A goblin (D:3)
  A kobold (D:8)
  6 fungi
  A plant (Lair:3)
33 creatures vanquished.

Grand Total: 544 creatures vanquished

Notes
Turn   | Place    | Note
--------------------------------------------------------------
     0 | D:1      | Ijustatesigmund the Spriggan Assassin began the quest for the Orb.
     0 | D:1      | Reached XP level 1. HP: 10/10 MP: 2/2
    79 | D:1      | Reached skill level 6 in Stealth
    79 | D:1      | Reached XP level 2. HP: 13/14 MP: 3/3
   289 | D:1      | Reached XP level 3. HP: 9/18 MP: 4/4
  1448 | D:2      | Noticed Jessica
  1514 | D:2      | Killed Jessica
  1514 | D:2      | Reached skill level 7 in Stealth
  1514 | D:2      | Reached XP level 4. HP: 22/22 MP: 5/5
  2420 | D:3      | Reached XP level 5. HP: 25/25 MP: 6/6
  2424 | D:3      | Noticed Robin
  2666 | D:3      | Found a sacrificial altar of Ru.
  2795 | D:3      | Found an oddly glowing altar of Pakellas.
  2796 | D:3      | Noticed a tengu reaver
  2802 | D:3      | Killed a tengu reaver
  3123 | D:3      | Found a sparkling altar of Nemelex Xobeh.
  3973 | D:4      | Found a shimmering altar of Xom.
  3982 | D:4      | Found a snail-covered altar of Cheibriados.
  4052 | D:4      | Reached XP level 6. HP: 32/32 MP: 7/7
  4125 | D:5      | Entered Level 5 of the Dungeon
  4302 | D:5      | Noticed Duvessa
  4302 | D:5      | Noticed Dowan
  4423 | D:5      | Killed Dowan
  4475 | D:5      | Killed Duvessa
  4475 | D:5      | Reached skill level 5 in Dodging
  4475 | D:5      | Reached skill level 8 in Stealth
  4654 | D:5      | Noticed Edmund
  4658 | D:5      | Killed Edmund
  4658 | D:5      | Reached XP level 7. HP: 30/35 MP: 8/8
  4747 | D:5      | Reached skill level 9 in Stealth
  5448 | D:7      | Found a staircase to the Ecumenical Temple.
  5458 | Temple   | Entered the Ecumenical Temple
  5611 | Temple   | Became a worshipper of Hepliaklqana
  5740 | D:7      | Reached skill level 1 in Invocations
  5804 | D:6      | Reached skill level 5 in Short Blades
  6069 | D:5      | Reached XP level 8. HP: 22/39 MP: 10/10
  6460 | D:7      | Reached * piety under Hepliaklqana
  6649 | D:6      | Found a burning altar of Makhleb.
  6906 | D:6      | Found a shattered altar of Ashenzari.
  7347 | D:6      | Noticed a two-headed ogre
  7350 | D:6      | Killed a two-headed ogre
  7350 | D:6      | Reached skill level 5 in Fighting
  7413 | D:6      | Reached XP level 9. HP: 42/48 MP: 11/11
  8272 | D:8      | Noticed Grum
  8273 | D:8      | Killed Grum
  8577 | D:7      | Found an ancient bone altar of Kikubaaqudgha.
  9048 | D:7      | Reached skill level 10 in Stealth
  9350 | D:8      | Reached XP level 10. HP: 52/56 MP: 12/14
  9718 | D:8      | Reached skill level 1 in Shields
 10000 | D:9      | Found a staircase to the Lair.
 10026 | D:9      | Noticed Erica
 10351 | D:9      | Killed Erica
 10693 | D:10     | Entered Level 10 of the Dungeon
 10987 | D:9      | Reached ** piety under Hepliaklqana
 10992 | D:9      | Remembered your ancestor Zitor as a knight
 11037 | D:9      | HP: 2/56 [wyvern (15)]
 11359 | D:9      | Found Axkyl's Antique Weapon Boutique.
 11647 | D:9      | Noticed Maurice
 11666 | D:9      | Killed Maurice
 11666 | D:9      | Reached skill level 5 in Invocations
 11776 | D:9      | Found a glowing golden altar of the Shining One.
 11776 | D:9      | Found a white marble altar of Elyvilon.
 11776 | D:9      | Found a glowing silver altar of Zin.
 11962 | D:10     | Found a roughly hewn altar of Beogh.
 11977 | D:10     | Reached skill level 11 in Stealth
 12356 | D:10     | Found Adaej's Magic Scroll Emporium.
 12360 | D:10     | Noticed a gargoyle
 12377 | D:10     | Killed a gargoyle
 12380 | D:10     | Bought a scroll of enchant armour for 75 gold pieces
 12380 | D:10     | Bought a scroll of fog for 20 gold pieces
 12380 | D:10     | Bought a scroll of identify for 20 gold pieces
 12380 | D:10     | Bought a scroll of identify for 20 gold pieces
 12380 | D:10     | Bought a scroll of enchant armour for 75 gold pieces
 12380 | D:10     | Bought a scroll of remove curse for 30 gold pieces
 12380 | D:10     | Bought a scroll of brand weapon for 200 gold pieces
 12380 | D:10     | Bought a scroll of brand weapon for 200 gold pieces
 12402 | D:10     | Learned a level 2 spell: Blink
 12445 | D:10     | Reached skill level 1 in Translocations
 12477 | D:10     | Reached XP level 11. HP: 44/59 MP: 16/16
 12638 | D:10     | Upgraded the game from 0.19-a0-459-gb8ed64d to 0.19-a0-465-g1d1674b
 13113 | D:10     | Found a staircase to the Orcish Mines.
 13210 | D:10     | Reached skill level 1 in Spellcasting
 13321 | D:10     | Reached skill level 5 in Translocations
 13599 | D:11     | Noticed a hill giant
 13605 | D:11     | Killed a hill giant
 13609 | D:11     | Noticed tstbtto's ghost (journeyman MiGl)
 13746 | D:11     | Noticed an unseen horror
 13766 | D:11     | Killed an unseen horror
 13858 | D:11     | Noticed a hill giant
 13861 | D:11     | Killed a hill giant
 13861 | D:11     | Reached skill level 5 in Spellcasting
 13953 | D:12     | Noticed a red ugly thing
 13969 | D:11     | Killed a red ugly thing
 13972 | D:11     | Learned a level 1 spell: Apportation
 13976 | D:11     | Learned a level 3 spell: Portal Projectile
 13981 | D:11     | Learned a level 4 spell: Passage of Golubria
 14031 | D:11     | Noticed a green ugly thing
 14107 | D:12     | Reached *** piety under Hepliaklqana
 14699 | D:12     | Noticed a hill giant
 14847 | D:12     | Reached skill level 10 in Dodging
 14893 | D:12     | Killed a hill giant
 15496 | D:12     | Noticed Kirke
 15497 | D:12     | Noticed a death knight
 15501 | D:12     | Killed Kirke
 15501 | D:12     | Reached skill level 5 in Throwing
 15501 | D:12     | Reached skill level 12 in Stealth
 15501 | D:12     | Reached XP level 12. HP: 64/64 MP: 22/22
 15547 | D:12     | Killed a death knight
 15674 | D:13     | Noticed a centaur warrior
 15743 | Lair:1   | Entered Level 1 of the Lair of Beasts
 16159 | Lair:2   | Reached **** piety under Hepliaklqana
 16286 | Lair:2   | Noticed a five-headed hydra
 16293 | Lair:2   | Killed a five-headed hydra
 16399 | Lair:2   | Reached skill level 13 in Stealth
 18492 | Lair:1   | Reached skill level 10 in Translocations
 19474 | Lair:3   | Reached skill level 10 in Short Blades
 20003 | Lair:3   | Found a staircase to the Shoals.
 20152 | Lair:4   | Found a hole to the Spider Nest.
 20269 | Lair:4   | Learned a level 2 spell: Shroud of Golubria
 20282 | Lair:4   | Noticed a five-headed hydra
 20289 | Lair:4   | Killed a five-headed hydra
 20289 | Lair:4   | Reached skill level 1 in Charms
 20602 | Lair:4   | Noticed a seven-headed hydra
 20903 | Orc:1    | Entered Level 1 of the Orcish Mines
 20908 | Orc:1    | Noticed tstbtto's ghost (journeyman DDGl)
 20913 | Orc:2    | Entered Level 2 of the Orcish Mines
 20913 | Orc:2    | Reached ***** piety under Hepliaklqana
 20913 | Orc:2    | Noticed an orc warlord
 21119 | Orc:2    | HP: 2/65 [orange demon[an orc sorcerer] (6)]
 21121 | Orc:2    | Killed from afar by an orc sorcerer

Vault maps used:
D:1:      dpeg_arrival_prison, st_stairs_13, serial_park_tiny_pond,
          corexii_leaking_fountain, columned_hall_lemuel, minivault_11
D:2:      uniq_jessica
D:3:      gammafunk_pakellas_spire_experiment, overflow_temple_1_default,
          minmay_misc_feat_room, nemelex_dance_club_becter, uniq_robin
D:4:      amethyst_overflow_temple_binary, first_bread
D:5:      uniq_duvessa, uniq_edmund
D:6:      kennysheep_windowed_halls, old_standard_altar,
          overflow_temple_1_default, hangedman_abyss_or_decor_stabs
D:7:      overflow_temple_1_default, minmay_temple_entry_purple_smoke
D:8:      grunt_livestock, uniq_grum
D:9:      good_gods_mini_temple, erik_lair_orcish_takeover, serial_shops,
          nicolae_shop_trees, uniq_maurice, uniq_erica
D:10:     hiddenorc1_lemuel, serial_shops, shop_fountains, special_room
D:11:     serial_shops, nicolae_shop_stone
D:12:     minmay_separated_statues, uniq_kirke
Temple:   oiseaux_autumnal_temple_12
Lair:3:   elwin_shoals_entry_stream, grunt_megastairs_2
Lair:4:   nicolae_spider_entry_non_spiders, serial_bayou_pond_d, dpeg_oklob_1
Orc:2:    st_orc_mages

Skill      XL: |  1  2  3  4  5  6  7  8  9 10 11 12 |
---------------+-------------------------------------+-----
Dodging        | 2 3 4 5 7 8 10 | 10.0
Stealth        | 6 7 8 9 10 11 12 13 | 13.0
Short Blades   | 3 4 5 6 9 10 | 10.0
Fighting       | 2 5 7 8 |  8.7
Throwing       | 3 5 6 |  6.0
Invocations    | 1 2 4 6 |  6.8
Shields        | 3 |  3.7
Translocations | 1 7 10 | 10.0
Spellcasting   | 6 8 |  8.0
Charms         | 2 |  2.2

Action                   |  1- 3 |  4- 6 |  7- 9 | 10-12 || total
-------------------------+-------+-------+-------+-------++-------
Melee: Dagger            |    88 |   243 |   470 |  1802 ||  2603
       Short sword       |       |       |       |    25 ||    25
 Fire: Blowgun           |    25 |    19 |     4 |    39 ||    87
 Cast: Blink             |       |       |       |    14 ||    14
       Apportation       |       |       |       |     3 ||     3
Invok: Recall Ancestor   |       |       |     8 |    23 ||    31
       Ancestor Life: Kn |       |       |       |     1 ||     1
       Idealise          |       |       |       |     5 ||     5
Evoke: Wand              |       |       |       |    13 ||    13
  Use: Scroll            |    10 |     4 |     9 |    26 ||    49
       Potion            |       |       |     3 |     6 ||     9
 Stab: Sleeping          |    11 |    17 |    22 |    65 ||   115
       Distracted        |       |     3 |     5 |    10 ||    18
       Invisible         |       |       |       |     3 ||     3
  Eat: Bread ration      |       |     1 |       |       ||     1
       Pizza             |       |       |     1 |     7 ||     8
       Fruit             |       |       |       |     3 ||     3
Armor: Robe              |     9 |    20 |    32 |    91 ||   152
Dodge: Dodged            |    59 |   156 |   421 |   821 ||  1457
Block: Buckler           |       |       |       |   787 ||   787
       Reflection        |       |       |       |    21 ||    21
